 Dungeon Crawl Stone Soup version 0.24.0-13-gcf9b3192b9 (webtiles) character file.

Game seed: 6634817405582080695, levelgen mode: deterministic

1698 Monsterracer the Basher (level 8, -6/71 HPs)
             Began as a Minotaur Necromancer on Nov 6, 2019.
             Was an Elder of Lugonu.
             Mangled by a two-headed ogre
             ... wielding a +0 giant club
              (20 damage)
             ... on level 6 of the Dungeon.
             The game lasted 00:05:58 (6544 turns).

Monsterracer the Basher (Minotaur Necromancer)      Turns: 6544, Time: 00:05:59

Health: -6/71      AC: 12    Str: 15    XL:     8   Next: 72%
Magic:  0/9        EV:  7    Int: 12    God:    Lugonu [****..]
Gold:   287        SH:  0    Dex: 11    Spells: 9/9 levels left

rFire    . . .     SeeInvis .   a - +1 morningstar (protect)
rCold    . . .     Gourm    .   (no shield)
rNeg     . . .     Faith    .   j - +1 chain mail
rPois    .         Spirit   .   (helmet unavailable)
rElec    .         Reflect  .   d - +0 cloak
rCorr    .         Harm     .   (no gloves)
MR       .....     Rnd*Rage +   (no boots)
Stlth    ..........             (no amulet)
HPRegen  0.21/turn              (no ring)
MPRegen  0.11/turn              (no ring)

@: no status effects
A: retaliatory headbutt, horns 3, berserk 1, MP-powered wands
a: Depart the Abyss, Bend Space, Banish, Corrupt, Renounce Religion


You were on level 6 of the Dungeon.
You worshipped Lugonu.
Lugonu was greatly pleased with you.
You were not hungry.

You visited 1 branch of the dungeon, and saw 6 of its levels.

You collected 287 gold pieces.

Inventory:

Hand Weapons
 a - a +1 morningstar of protection (weapon)
   (You took it off an orc on level 4 of the Dungeon)
 b - a +1 flail of draining
   (You took it off a gnoll on level 2 of the Dungeon)
Armour
 d - a +0 cloak (worn)
   (You found it on level 4 of the Dungeon)
 j - a +1 chain mail (worn)
   (You took it off an orc on level 3 of the Dungeon)
Wands
 g - a wand of polymorph (7)
   (You found it on level 6 of the Dungeon)
 k - a wand of flame (17)
   (You took it off Natasha on level 3 of the Dungeon)
 l - a wand of disintegration (16)
   (You took it off a kobold on level 3 of the Dungeon)
Scrolls
 i - a scroll of fog {!r}
 n - 2 scrolls of fear {!r}
 p - 2 scrolls of enchant weapon
 r - a scroll of remove curse
 t - 2 scrolls of teleportation {!r}
Potions
 e - 2 potions of curing
 f - a potion of mutation {!q}
 h - a potion of lignification
Comestibles
 c - 11 rations


   Skills:
 + Level 6.9 Fighting
   Level 2.6(6.3) Axes
 * Level 9.0(9.2) Maces & Flails
 + Level 5.1 Armour
 - Level 2.1 Dodging
 - Level 1.5 Stealth
 - Level 1.3 Spellcasting
   Level 2.9 Necromancy
 + Level 1.8 Invocations


You had 9 spell levels left.
You didn't know any spells.
Your spell library contained the following spells:

 Spells                   Type           Power        Failure   Level  Hunger
 Animate Skeleton         Necr           N/A          83%         1    ##.....
 Pain                     Necr           #...         83%         1    ##.....
 Beastly Appendage        Tmut           #.....       99%         1    ##.....
 Magic Dart               Conj           #...         99%         1    ##.....
 Shock                    Conj/Air       #...         99%         1    ##.....
 Vampiric Draining        Necr           #.........   99%         3    ####...
 Blink                    Tloc           N/A          100%        2    ###....
 Call Imp                 Summ           #.......     100%        2    ###....
 Slow                     Hex            #.......     100%        2    ###....
 Sticks to Snakes         Tmut           #.......     100%        2    ###....
 Swiftness                Chrm/Air       #.......     100%        2    ###....
 Conjure Flame            Conj/Fire      #.......     100%        3    ####...
 Mephitic Cloud           Conj/Pois/Air  #.......     100%        3    ####...
 Regeneration             Chrm/Necr      #.........   100%        3    ####...
 Spider Form              Tmut/Pois      #.........   100%        3    ####...
 Static Discharge         Conj/Air       #.......     100%        3    ####...
 Airstrike                Air            #.........   100%        4    #####..
 Animate Dead             Necr           N/A          100%        4    #####..
 Ice Form                 Ice/Tmut       #.......     100%        4    #####..
 Blade Hands              Tmut           #.........   100%        5    ######.
 Lightning Bolt           Conj/Air       #.........   100%        5    ######.


Dungeon Overview and Level Annotations

Branches:
Dungeon (6/15)             Temple (0/1) D:4

Altars:
Kikubaaqudgha
Lugonu

Annotations:
D:5 3 runed translucent doors, Raspi's ghost, novice GrBe


Innate Abilities, Weirdness & Mutations

You reflexively headbutt those who attack you in melee.
You have a pair of large horns on your head.
You tend to lose your temper in combat.
You expend magic power (3 MP) to strengthen your wands.


Message History

HP restored.
c - 11 rations (gained 1)
You now have 274 gold pieces (gained 14).
Found a stone staircase leading down.
You now have 287 gold pieces (gained 13).
Found a stone staircase leading up.
There is a stone staircase leading down here.
The black bear is too close now for your liking.
A black bear is nearby!
The black bear growls angrily.
The black bear bites you but does no damage.
The black bear claws you but does no damage. x2
You puncture the black bear!
Your weapon exudes an aura of protection.
Your headbutt misses the black bear.
The black bear is heavily wounded.
The black bear bites you but does no damage.
The black bear claws you but does no damage.
The black bear barely misses you.
You hit the black bear. Your headbutt misses the black bear.
The black bear is heavily wounded.
The black bear bites you but does no damage.
The black bear claws you but does no damage.
The black bear closely misses you.
You puncture the black bear! Your headbutt misses the black bear.
The black bear is severely wounded.
The black bear bites you. The black bear barely misses you.
The black bear claws you but does no damage.
You sock the black bear!
You kill the black bear!
Lugonu accepts your kill.
Your Maces & Flails skill increases to level 9!
No target in view!
Found an escape hatch in the ceiling.
Found 23 stones.
The adder zombie is too close now for your liking.
A gnoll comes into view. It is wielding a +0 club.
The gnoll shouts!
You hear two shouts!
Found a leather armour.
There are monsters nearby!
Found a pair of gloves and 5 gold pieces. 2 gnolls come into view.
The gnoll shouts!
The adder zombie bites you but does no damage. x2
You closely miss the adder zombie. You headbutt the adder zombie!
You destroy the adder zombie!
Lugonu accepts your kill. The gnoll barely misses you. You furiously retaliate!
You headbutt the gnoll, but do no damage.
Found 16 arrows.
You bludgeon the gnoll!!
Your weapon exudes an aura of protection.
You kill the gnoll!
Lugonu accepts your kill. The gnoll hits you but does no damage.
Okay, then.
Evoke which item? (* to show all) (? for menu, Esc to quit)
Aiming: Polymorph
Press: ? - help, Shift-Dir - straight line, f - two-headed ogre
Aim: a two-headed ogre, wielding a +0 giant club and a +0 giant spiked club (chance to defeat MR: 32%)
You feel a surge of power!
The two-headed ogre easily resists.
The two-headed ogre closely misses you.
The two-headed ogre hits you with a +0 giant spiked club!!
The adder hisses angrily.
Evoke which item? (* to show all) (? for menu, Esc to quit)
Aiming: Disintegrate
Press: ? - help, Shift-Dir - straight line, f/p - two-headed ogre
Aim: a two-headed ogre, wielding a +0 giant club and a +0 giant spiked club (chance to defeat MR: 55%)
You feel a surge of power!
The two-headed ogre is blasted!!
The gnoll barely misses you.
Evoke which item? (* to show all) (? for menu, Esc to quit)
Aiming: Disintegrate
Press: ? - help, Shift-Dir - straight line, f/p - two-headed ogre
Aim: a two-headed ogre, wielding a +0 giant club and a +0 giant spiked club (moderately wounded, chance to defeat MR: 55%)
You feel a surge of power!
The two-headed ogre resists with significant effort.
The two-headed ogre hits you with a +0 giant club!
The two-headed ogre hits you with a +0 giant spiked club!
* * * LOW HITPOINT WARNING * * *
Unknown command.
Evoke which item? (* to show all) (? for menu, Esc to quit)
Aiming: Disintegrate
Press: ? - help, Shift-Dir - straight line, f/p - two-headed ogre
Aim: a two-headed ogre, wielding a +0 giant club and a +0 giant spiked club (moderately wounded, chance to defeat MR: 50%)
You feel a slight surge of power.
The two-headed ogre is blasted!
The two-headed ogre hits you with a +0 giant club!!
* * * LOW HITPOINT WARNING * * *
The two-headed ogre barely misses you.
Evoke which item? (* to show all) (? for menu, Esc to quit)
Aiming: Disintegrate
Press: ? - help, Shift-Dir - straight line, f/p - two-headed ogre
Aim: a two-headed ogre, wielding a +0 giant club and a +0 giant spiked club (severely wounded, chance to defeat MR: 48%)
The two-headed ogre resists with some effort.
Evoke which item? (* to show all) (? for menu, Esc to quit)
Aiming: Disintegrate
Press: ? - help, Shift-Dir - straight line, f/p - two-headed ogre
Aim: a two-headed ogre, wielding a +0 giant club and a +0 giant spiked club (severely wounded, chance to defeat MR: 48%)
The two-headed ogre is blasted!
The two-headed ogre hits you with a +0 giant club!!
You die...

..........#......................
..........................#.....#
..............>....##....###.รท###
........................#####....
..............#............ #.#..
.........###..................###
..........##.#.##.##...........
...#......#..<.#..##............
...#.........###@..............##
#.........#...#.O....##........#
.........##...##g...###........#
.......##......#g....#.......#..
.##...## ......#.###....##
........ # #..S.#.#.....#
......#..#. #.......S....#
......### #.#............# ......#
#..............#


You could see a two-headed ogre, 2 gnolls and an adder.

Vanquished Creatures
  A water moccasin (D:5)
  3 black bears (D:6)
  2 phantoms (D:4)
  A centaur (D:5)
  2 bullfrogs (D:5 D:6)
  A scorpion (D:4)
  A howler monkey (D:6)
  A hound (D:5)
  A bullfrog zombie (D:4)
  3 orc priests (D:3 D:4)
  An iguana (D:5)
  5 orc wizards (D:4 D:5)
  Natasha (thrice) (D:3)
  6 worker ants (D:4 D:5)
  11 gnolls (D:2 D:4 D:6)
  A worker ant zombie (D:5)
  8 adders (D:2 D:3 D:4 D:5)
  An ooze (D:3)
  An adder zombie (D:6)
  2 worms (D:2 D:4)
  A dart slug (D:3)
  2 leopard geckos (D:4 D:6)
  30 orcs (D:3 D:4 D:5)
  6 bats (D:1 D:2 D:3)
  9 giant cockroaches (D:1 D:2 D:5)
  5 hobgoblins (D:1 D:3)
  2 jackals (D:3)
  7 kobolds (D:1 D:2 D:3)
  2 quokkas (D:3 D:5)
  A ball python (D:5)
  7 frilled lizards (D:1 D:2 D:3 D:4 D:5)
  10 goblins (D:1 D:2 D:3)
  A jackal skeleton (D:4)
  6 rats (D:1 D:2 D:3)
144 creatures vanquished.

Notes
Turn   | Place    | Note
-------+----------+-------------------------------------------
     0 | D:1      | Monsterracer the Minotaur Necromancer began the quest for
                  | the Orb.
     0 | D:1      | Reached XP level 1. HP: 14/14 MP: 1/1
   228 | D:1      | Reached skill level 1 in Axes
   598 | D:1      | Reached skill level 1 in Fighting
   598 | D:1      | Reached XP level 2. HP: 23/23 MP: 3/3
  1331 | D:2      | Found a faded altar of an unknown god.
  1355 | D:2      | Became a worshipper of Lugonu the Unformed
  1355 | D:2      | Reached * piety under Lugonu
  1355 | D:2      | Reached ** piety under Lugonu
  1440 | D:2      | Gained mutation: You expend magic power (3 MP) to
                  | strengthen your wands. [potion of mutation]
  1440 | D:2      | Gained mutation: You tend to lose your temper in combat.
                  | [potion of mutation]
  1440 | D:2      | Gained mutation: You have a pair of large horns on your
                  | head. [potion of mutation]
  1440 | D:2      | HP: 4/23 [gnoll/+1 flail of draining (13)]
  1445 | D:2      | Reached XP level 3. HP: 4/29 MP: 4/4
  1445 | D:2      | HP: 3/43 [gnoll/+0 spear (1)]
  1453 | D:2      | Reached XP level 4. HP: 4/38 MP: 5/5
  1459 | D:2      | HP: 11/39 [gnoll/+0 halberd (5)]
  1668 | D:2      | Found an ancient bone altar of Kikubaaqudgha.
  1668 | D:2      | Noticed a human
  1751 | D:2      | Reached skill level 1 in Maces & Flails
  2340 | D:2      | Reached skill level 2 in Maces & Flails
  2661 | D:3      | Reached XP level 5. HP: 42/46 MP: 6/6
  2751 | D:3      | Noticed Natasha
  2753 | D:3      | Killed Natasha
  2753 | D:3      | Reached skill level 3 in Maces & Flails
  2761 | D:3      | HP: 23/46 [poisoned by a kobold]
  2766 | D:3      | HP: 17/46 [poisoned by a kobold]
  2771 | D:3      | HP: 12/46 [poisoned by a kobold]
  2776 | D:3      | HP: 9/46 [poisoned by a kobold]
  2782 | D:3      | HP: 7/46 [poisoned by a kobold]
  2788 | D:3      | HP: 6/46 [poisoned by a kobold]
  2796 | D:3      | HP: 5/46 [poisoned by a kobold]
  3278 | D:3      | Noticed Natasha
  3287 | D:3      | Killed Natasha
  3287 | D:3      | Reached skill level 4 in Maces & Flails
  3547 | D:3      | Noticed Natasha
  3554 | D:3      | Killed Natasha
  3569 | D:3      | Reached XP level 6. HP: 53/53 MP: 7/7
  4190 | D:4      | Found a staircase to the Ecumenical Temple.
  4211 | D:4      | Reached skill level 5 in Maces & Flails
  4217 | D:4      | Reached skill level 1 in Armour
  4555 | D:4      | Reached *** piety under Lugonu
  4555 | D:4      | Reached skill level 5 in Fighting
  4555 | D:4      | Reached XP level 7. HP: 55/61 MP: 8/8
  4560 | D:4      | Reached skill level 6 in Maces & Flails
  5089 | D:4      | Reached skill level 7 in Maces & Flails
  5250 | D:5      | Entered Level 5 of the Dungeon
  5329 | D:5      | Reached **** piety under Lugonu
  5428 | D:5      | Reached XP level 8. HP: 61/70 MP: 9/9
  5430 | D:5      | HP: 34/70 [centaur (7)]
  5665 | D:5      | Reached skill level 8 in Maces & Flails
  5775 | D:5      | Found a runed translucent gate.
  5776 | D:5      | Found a runed translucent gate.
  5777 | D:5      | Found a runed translucent gate.
  5989 | D:5      | Noticed Raspi's ghost (novice GrBe)
  6108 | D:6      | Noticed a two-headed ogre
  6133 | D:6      | HP: 35/71 [two-headed ogre/+0 giant club (10)]
  6139 | D:6      | HP: 31/71 [adder (3)]
  6145 | D:6      | HP: 28/71 [poisoned by an adder]
  6153 | D:6      | HP: 27/71 [poisoned by an adder]
  6160 | D:6      | HP: 24/71 [black bear (4)]
  6165 | D:6      | HP: 23/71 [black bear (1)]
  6169 | D:6      | Reached skill level 1 in Invocations
  6248 | D:6      | HP: 31/71 [black bear (4)]
  6250 | D:6      | Reached skill level 5 in Armour
  6501 | D:6      | Reached skill level 9 in Maces & Flails
  6538 | D:6      | HP: 35/71 [two-headed ogre/+0 giant club (7)]
  6539 | D:6      | HP: 12/71 [two-headed ogre/+0 giant club (23)]
  6544 | D:6      | Mangled by a two-headed ogre

Levels and vault maps discovered:
D:1:      sevenhm_arrival_forest_fort_large_2, layout_basic,
          minmay_worlds_worst_comb
D:2:      layout_loops_cross, chequers_ecumenical_altar_simple_redux,
          tgw_kikubaaqudgha
D:3:      layout_loops_corners, uniq_natasha
D:4:      layout_loops_cross, minmay_temple_entry_stoned_glass, first_ration
D:5:      layout_rooms, gammafunk_ghost_icy
D:6:      layout_cave_pools, trog_ov_bears_minmay

Skill      XL: |  1  2  3  4  5  6  7  8 |
---------------+-------------------------+-----
Axes           | 1 2 |  2.6
Fighting       | 1 2 3 4 5 6 |  6.9
Maces & Flails | 2 4 5 7 9 |  9.0
Armour         | 2 3 5 |  5.1
Invocations    | 1 |  1.8
Dodging        | |  2.1
Stealth        | |  1.5
Spellcasting   | |  1.3
Necromancy     | |  2.9

Action                   |  1- 3 |  4- 6 |  7- 9 || total
-------------------------+-------+-------+-------++-------
Melee: Hand axe          |    57 |     5 |       ||    62
       Headbutt          |     4 |    14 |    29 ||    47
       Flail             |       |   139 |    32 ||   171
       Morningstar       |       |       |   153 ||   153
Evoke: Wand              |       |       |     6 ||     6
  Use: Potion            |     8 |     1 |       ||     9
       Scroll            |       |    10 |     1 ||    11
 Stab: Sleeping          |     1 |       |       ||     1
       Distracted        |       |     1 |       ||     1
  Eat: Chunk             |     1 |    10 |     7 ||    18
Armor: Robe              |    14 |       |       ||    14
       Ring mail         |       |    30 |       ||    30
       Chain mail        |       |    29 |   144 ||   173
Dodge: Dodged            |    59 |    90 |    94 ||   243
